 Dungeon Sprint DCSS version 0.19.5 (webtiles) character file.

9700000 hurricos the Axe Maniac (level 27, -1/298 HPs)
             Began as a Deep Dwarf Gladiator on Mar 2, 2017.
             Was the Champion of Makhleb.
             Killed from afar by an observer (48 damage)
             ... with a bolt of fire
             ... in the Dungeon (Sprint VIII: "Arena of Blood").
             The game lasted 00:02:19 (97 turns).

hurricos the Axe Maniac (Deep Dwarf Gladiator)        Turns: 97, Time: 00:02:20

Health: -1/298     AC:  8    Str: 22    XL:     27
Magic:  36/54      EV: 36    Int: 10    God:    Makhleb [******]
Gold:   0          SH:  0    Dex: 22    Spells: 0 memorised, 80 levels left

rFire  . . .     SeeInvis .     m - +∞ Axe of Woe
rCold  . . .     Gourm    .     b - +0 leather armour
rNeg   + . .     Faith    .     (shield currently unavailable)
rPois  .         Spirit   .     c - +0 helmet
rElec  .         Reflect  .     (no cloak)
rCorr  .         Harm     .     (no gloves)
MR     ++++.     NoTele   +     (no boots)
Stlth  +++++++++.               (no amulet)
                                (no ring)
                                (no ring)

@: non-regenerating
A: damage resistance, recharge devices, negative energy resistance 1, sense
surroundings 3, slow regeneration 3
a: Device Recharging, Minor Destruction, Lesser Servant of Makhleb, Major
Destruction, Greater Servant of Makhleb, Renounce Religion


You were in the Dungeon.
You worshipped Makhleb.
Makhleb was exalted by your worship.
You were not hungry.

You visited 1 branch

Inventory:

Hand Weapons
 a - a +0 war axe
 m - the +∞ Axe of Woe (weapon)
   (You found it in the Dungeon)
Missiles
 d - 3 throwing nets (quivered)
Armour
 b - a +0 leather armour (worn)
 c - a +0 helmet (worn)
Wands
 e - a wand of heal wounds (5/9)
Scrolls
 l - a scroll of blinking
Potions
 g - a potion of curing
 h - a potion of heal wounds
 i - a potion of haste
 j - 2 potions of magic
 k - a potion of berserk rage
Comestibles
 f - a bread ration


   Skills:
 O Level 27 Fighting
 O Level 27 Axes
 O Level 27 Throwing
 O Level 27 Armour
 O Level 27 Dodging
 O Level 27 Stealth
 O Level 27 Unarmed Combat
 O Level 27 Spellcasting
 O Level 27 Invocations
 O Level 27 Evocations


You had 80 spell levels left.
You didn't know any spells.

Dungeon Overview and Level Annotations

Branches:
Dungeon (1/1)

Altars:
Makhleb


Innate Abilities, Weirdness & Mutations

You are resistant to damage.
You can recharge devices by infusing magical energy.
You resist negative energy. (rN+)
You passively map a large area around you.
You do not regenerate.


Message History

You feel extremely nervous for a moment...
Your body is wracked with pain!
You hear a shout! x3; You feel something staring at you.
Something smites you!
You hear a shout! x3
A meat berserker comes into view. It is wielding a +9 battleaxe.
Unknown command.
Unknown command.
A hydra, 3 orcs and a lich come into view.
The bag of meat shouts!
The eight-headed meat hydra roars!
The bag of meat shouts!
You hear a shout!
You feel something staring at you.
A fireball appears from out of thin air!
The fireball explodes!
Deactivating autopickup; reactivate with Ctrl-A.
The fireball engulfs you!
* * * LOW HITPOINT WARNING * * *
You feel something staring at you.
A bolt of fire appears from out of thin air!
The bolt of fire hits you!
You die...

, , ,.#....%.........,
.o , ,
,..#...%....#....% .# ,
,......#.... #.......# *
o..#......###..%. ..###.
,,
...............###......
*,, ,
*o......#D%...%.D_......
,*.....#.).....#))...# *
#O....)))).#§)<._# , ,
....#.@)O)))#)))..#.,,,
* ,
.......#))oo)))._......
,*
....O.....)))))###......
, ,
..........###ox.....###.
* , ...........
#.......#,
,,LoO........§#...%...#
, oDo#........%........
, , ,
.D#.#.#.............. ,,
, .#.#.....o..%......


You could see a tyrant (wandering), 3 eight-headed meat hydras, 4 meat
berserkers, 8 bags of meat and a crawling corpse.

Vanquished Creatures
  7 hell beasts (D)
  4 greater mummies (D)
  A wraith (D)
  16 vampire knights (D)
  39 ogres (D)
  3 liches (D)
  2 hydras (D)
  65 orcs (D)
  2 phantoms (D)
  5 hill giants (D)
  2 skeletal warriors (D)
  9 large abominations (D)
  4 small abominations (D)
  8 crawling corpses (D)
167 creatures vanquished.

Vanquished Creatures (others)
  3 crawling corpses (D)
3 creatures vanquished.

Grand Total: 170 creatures vanquished

Notes
Turn   | Place    | Note
-------+----------+-------------------------------------------
     0 | D        | hurricos the Deep Dwarf Gladiator began the quest for the Orb.
     0 | D        | Reached XP level 1. HP: 19/19 MP: 1/1
     3 | D        | Noticed a bag of meat
     3 | D        | Noticed a bag of meat
     3 | D        | Noticed a bag of meat
     3 | D        | Noticed a bag of meat
     4 | D        | Noticed a bag of meat
     6 | D        | Noticed a meat berserker
     7 | D        | Noticed a bag of meat
     8 | D        | Became a worshipper of Makhleb the Destroyer
     9 | D        | Killed a meat berserker
     9 | D        | Reached XP level 2. HP: 44/44 MP: 2/2
     9 | D        | Reached XP level 3. HP: 51/51 MP: 3/3
     9 | D        | Reached XP level 4. HP: 60/60 MP: 4/4
     9 | D        | Reached XP level 5. HP: 67/67 MP: 5/5
     9 | D        | Reached XP level 6. HP: 74/74 MP: 6/6
     9 | D        | Reached XP level 7. HP: 81/81 MP: 7/7
     9 | D        | Reached XP level 8. HP: 90/90 MP: 8/8
     9 | D        | Gained mutation: You passively map the area around you. [Deep Dwarf growth]
     9 | D        | Reached XP level 9. HP: 97/97 MP: 9/9
     9 | D        | Reached XP level 10. HP: 105/105 MP: 10/10
     9 | D        | Reached XP level 11. HP: 111/111 MP: 11/11
     9 | D        | Reached XP level 12. HP: 120/120 MP: 12/12
     9 | D        | Reached XP level 13. HP: 127/127 MP: 13/13
    10 | D        | Noticed a meat berserker
    10 | D        | Noticed a meat berserker
    10 | D        | Killed a bag of meat
    10 | D        | Reached * piety under Makhleb
    10 | D        | Killed a bag of meat
    10 | D        | Gained mutation: You resist negative energy. (rN+) [Deep Dwarf growth]
    10 | D        | Reached XP level 14. HP: 141/141 MP: 14/14
    11 | D        | Noticed a bag of meat
    11 | D        | Killed a bag of meat
    11 | D        | Killed a bag of meat
    11 | D        | Reached ** piety under Makhleb
    11 | D        | Reached skill level 27 in Axes
    11 | D        | Reached XP level 15. HP: 152/152 MP: 15/15
    13 | D        | Noticed a meat berserker
    13 | D        | Reached skill level 27 in Dodging
    14 | D        | Killed a meat berserker
    14 | D        | Reached skill level 5 in Armour
    14 | D        | Reached XP level 16. HP: 180/180 MP: 16/16
    14 | D        | Reached *** piety under Makhleb
    15 | D        | Killed a meat berserker
    15 | D        | Reached XP level 17. HP: 200/200 MP: 17/17
    16 | D        | Killed a meat berserker
    16 | D        | Reached skill level 10 in Armour
    18 | D        | Reached skill level 27 in Fighting
    20 | D        | Noticed a meat berserker
    20 | D        | Noticed a meat berserker
    20 | D        | Reached **** piety under Makhleb
    20 | D        | Reached skill level 27 in Throwing
    20 | D        | Gained mutation: You passively map a large area around you. [Deep Dwarf growth]
    20 | D        | Reached XP level 18. HP: 218/218 MP: 18/18
    21 | D        | Noticed a meat berserker
    22 | D        | Noticed a meat berserker
    23 | D        | Noticed a meat berserker
    23 | D        | Killed a meat berserker
    23 | D        | Reached skill level 27 in Armour
    24 | D        | Noticed a large bag of meat
    24 | D        | Reached ***** piety under Makhleb
    24 | D        | Reached skill level 5 in Spellcasting
    24 | D        | Reached XP level 19. HP: 226/226 MP: 18/27
    25 | D        | Noticed a meat berserker
    25 | D        | Noticed a meat berserker
    25 | D        | Noticed a meat berserker
    26 | D        | Killed a meat berserker
    26 | D        | Reached skill level 10 in Unarmed Combat
    26 | D        | Killed a meat berserker
    27 | D        | Noticed a large bag of meat
    27 | D        | Noticed a meat berserker
    28 | D        | Noticed a destroyer
    28 | D        | Noticed a destroyer
    28 | D        | Reached skill level 15 in Unarmed Combat
    28 | D        | Reached XP level 20. HP: 236/236 MP: 18/38
    28 | D        | Killed a meat berserker
    28 | D        | Killed a meat berserker
    28 | D        | Killed a meat berserker
    28 | D        | Reached XP level 21. HP: 244/244 MP: 18/43
    29 | D        | Noticed a destroyer
    29 | D        | Reached ****** piety under Makhleb
    29 | D        | Reached skill level 27 in Stealth
    29 | D        | Reached skill level 27 in Invocations
    29 | D        | Reached skill level 27 in Evocations
    31 | D        | Reached XP level 22. HP: 250/254 MP: 19/50
    32 | D        | Noticed a destroyer
    32 | D        | Killed a destroyer
    32 | D        | Reached skill level 27 in Unarmed Combat
    32 | D        | Reached skill level 27 in Spellcasting
    33 | D        | Reached XP level 23. HP: 262/262 MP: 19/54
    34 | D        | Killed a destroyer
    35 | D        | Reached XP level 24. HP: 272/272 MP: 20/54
    36 | D        | Noticed a destroyer
    36 | D        | Noticed a destroyer
    38 | D        | Killed a destroyer
    38 | D        | Reached XP level 25. HP: 280/280 MP: 21/54
    39 | D        | Killed a destroyer
    40 | D        | Killed a destroyer
    40 | D        | Reached XP level 26. HP: 290/290 MP: 21/54
    41 | D        | Noticed a destroyer
    42 | D        | Killed a destroyer
    42 | D        | Reached XP level 27. HP: 298/298 MP: 22/54
    43 | D        | Noticed a destroyer
    46 | D        | Noticed a destroyer
    48 | D        | Noticed a destroyer
    48 | D        | Killed a destroyer
    52 | D        | Noticed a destroyer
    52 | D        | Killed a destroyer
    53 | D        | Killed a destroyer
    54 | D        | Noticed a destroyer
    55 | D        | Killed a destroyer
    57 | D        | Noticed an accursed
    57 | D        | Killed a destroyer
    58 | D        | Noticed a tyrant
    58 | D        | Noticed an accursed
    58 | D        | Killed a destroyer
    62 | D        | Noticed an accursed
    64 | D        | Noticed a destroyer
    64 | D        | Noticed a dread
    64 | D        | Noticed a meat beast
    65 | D        | Noticed a tyrant
    66 | D        | Noticed a destroyer
    66 | D        | Killed a meat beast
    70 | D        | Killed an accursed
    70 | D        | Noticed a destroyer
    71 | D        | Noticed a tyrant
    71 | D        | Killed a dread
    72 | D        | Killed a tyrant
    74 | D        | Killed an accursed
    74 | D        | Killed an accursed
    75 | D        | Killed a destroyer
    76 | D        | Killed a tyrant
    77 | D        | Noticed a meat beast
    78 | D        | Noticed a meat beast
    78 | D        | Noticed a meat beast
    79 | D        | Noticed a meat beast
    79 | D        | Killed a destroyer
    81 | D        | Killed a destroyer
    81 | D        | Killed a meat beast
    81 | D        | Killed a meat beast
    81 | D        | Killed a meat beast
    82 | D        | Killed a meat beast
    83 | D        | Noticed a meat beast
    87 | D        | Noticed a meat beast
    87 | D        | Noticed a destroyer
    89 | D        | Killed a meat beast
    91 | D        | Noticed an accursed
    91 | D        | Killed a destroyer
    95 | D        | Killed a meat beast
    95 | D        | Killed a tyrant
    96 | D        | Killed an accursed
    97 | D        | Noticed a tyrant
    97 | D        | Killed from afar by an observer

Skill      XL: |  1  2  3  4  5  6  7  8  9 10 11 12 13 14 15 16 17 18 19 20 21 22 |
---------------+-------------------------------------------------------------------+-----
Fighting       | 11 13 14 20 24 27 | 27.0
Axes           | 21 24 27 | 27.0
Throwing       | 11 12 14 19 23 27 | 27.0
Dodging        | 21 24 26 27 | 27.0
Armour         | 5 8 17 27 | 27.0
Stealth        | 8 20 26 27 | 27.0
Unarmed Combat | 6 15 20 26 27 | 27.0
Spellcasting   | 5 14 18 24 27 | 27.0
Invocations    | 8 20 26 27 | 27.0
Evocations     | 8 20 26 27 | 27.0

Action                   |  1- 3 |  4- 6 |  7- 9 | 10-12 | 13-15 | 16-18 | 19-21 | 22-24 | 25-27 || total
-------------------------+-------+-------+-------+-------+-------+-------+-------+-------+-------++-------
Melee: Executioner's axe |     1 |       |       |       |     4 |     7 |     4 |     5 |    37 ||    58
Dodge: Dodged            |     1 |       |       |       |       |       |     2 |     3 |    14 ||    20
